Workbook
Name Decision: [1]lista!$A$6:$A$7
Name PARTICIPACION: [1]lista!$A$15:$A$17
Name Procedencia: [1]lista!$A$2:$A$3
Name tipo: [1]lista!$A$11:$A$13
Name x: [2]lista!$A$11:$A$13

Sheet Redes SDC 1
B2: República de Colombia Instituto Colombiano de Bienestar Familiar Cecilia de la Fuente de Lleras Dirección de Abastecimiento
B4: Cotización - Servicios de Red de Área Amplia (WAN), Red de Área Local (LAN), Red Inalámbrica (WLAN), Internet e Internet Móvil , bajo la modalidad de Outsourcing para el Instituto Colombiano de Bienestar Familiar – ICBF.
B6: EMPRESA: | H6: DIRECCIÓN: | M6: NIT: | P6: TEL. CELULAR :
B7: CONTACTO | E7: CARGO: | H7: E-MAIL: | M7: FECHA: | P7: TELEFONO FIJO:
B9: Instrucciones para el diligenciamiento del formato de cotización
B10: • Por favor diligenciar solo las celdas en AMARILLO. Se deben llenar todas las casillas. • Revisar todos los requerimientos que se exponen en el documento "Ficha de Condiciones Técnicas" y Anexos (FCT); y formular su cotización en concordancia con este. • El valor de la cotización deber ser expresado en PESOS COLOMBIANOS. • Los valores unitarios deberán aproximarse por exceso o por defecto al entero más cercano. Si la cifra no está aproximada y aparece con centavos, el ICBF aproximará al entero inferior. • No modificar, agregar o quitar ningún ítem o sub-ítem. Notas: (1) El valor total de la cotización deberá incluir la totalidad de los meses contemplados en el plazo de ejecución del contrato (Numeral 9 de la FCT), teniendo en cuenta que durante los meses de la etapa de transición (2 primeros meses de ejecución) no se generará factura. Se estima para el presente estudio de mercado que la etapa de transición será durante los meses de noviembre y diciembre del 2014. Sin embargo, los meses facturables de operación del año 2015 dependerán de la fecha de legalización e inicio del contrato y de los meses en los que efectivamente se realice la etapa de transición. Se precisa que los 7 meses facturables de operación contemplados para el año 2018, incluyen los 3 meses finales de entrega al futuro nuevo operador. (2) Corresponde a las cantidades requeridas actualmente por la Entidad. El contratista estará en la capacidad de atender requerimientos adicionales de la Entidad. (3) Para el presente Estudio de mercado se deberá cotizar el valor unitario o mensual según corresponda para el año 2015. Para los años 2016, 2017 y 2018 la actualización de precios será constante y se realizará de manera automática. (4) Para este servicio por favor diligenciar la hoja "Redes SDC 2". Este servicio se facturará una única vez, al inicio del contrato. El valor a cotizar debe corresponder a la totalidad del valor del último kilómetro (la obra civil, los equipos y accesorios de red que se requieren) en la instalación de la totalidad de los canales definidos por el ICBF. El valor de este servicio que se refleja en la presente cotización está vinculado a la sumatoria total de la hoja "Redes SDC 2". (5) Para este servicio por favor diligenciar la hoja "Redes SDC 3". Cotizar la totalidad de los enlaces para las sedes descritas en hoja "Redes SDC 3" de acuerdo con el tipo de enlace ofrecido. Se deberá contemplar en la cotización la opción que represente un menor costo mensual entre canales dedicados, internet banda ancha e internet móvil. El valor de este servicio que se refleja en la presente cotización está vinculado a la sumatoria total de la hoja "Redes SDC 3". (6) Las hojas "Redes SDC 4" y "Redes SDC 5", incluyen bienes y servicios que la Entidad podrá requerir durante la ejecución del contrato, se requiere cotizar sus precios unitarios y hacen parte integral de la presente cotización.
Q11: =+Q13+N13+K13+H13 -> 43
F12: 2015 | I12: 2016 | L12: 2017 | O12: 2018 | R12: Total contratación
F13: =+"Meses facturables de Operación "&F12 -> Meses facturables de Operación 2015 | H13: 12 | I13: =+"Meses facturables de Operación "&I12 -> Meses facturables de Operación 2016 | K13: 12 | L13: =+"Meses facturables de Operación "&L12 -> Meses facturables de Operación 2017 | N13: 12 | O13: =+"Meses facturables de Operación "&O12 -> Meses facturables de Operación 2018 | Q13: 7
B14: Servicio | C14: Subservicio | D14: Unidad | E14: Cantidad por mes para cada año (2) | F14: Valor Unitario (3) | G14: Valor Mensual (3) | H14: Valor Total Anual | I14: Valor Unitario (3) | J14: Valor Mensual (3) | K14: Valor Total Anual | L14: Valor Unitario (3) | M14: Valor Mensual (3) | N14: Valor Total Anual | O14: Valor Unitario (3) | P14: Valor Mensual (3) | Q14: Valor Total Anual | T14: Control | U14: Control | V14: Control | W14: Control | X14: Control
B15: Internet | C15: No Aplica | D15: Mbps | E15: 200 | G15: =+F15*$E15 -> 0 | H15: =+G15*H$13 -> 0 | I15: =+F15 -> 0 | J15: =+I15*$E15 -> 0 | K15: =+J15*K$13 -> 0 | L15: =+I15 -> 0 | M15: =+L15*$E15 -> 0 | N15: =+M15*N$13 -> 0 | O15: =+L15 -> 0 | P15: =+O15*$E15 -> 0 | Q15: =+P15*Q$13 -> 0 | R15: =+Q15+N15+K15+H15 -> 0 | T15: =+H15/H$13/E15-F15 -> 0 | U15: =+K15/K$13/E15-I15 -> 0 | V15: =+N15/N$13/E15-L15 -> 0 | W15: =+Q15/Q$13/E15-O15 -> 0 | X15: =+R15-Q15-N15-K15-H15 -> 0
B16: Internet Móvil | C16: No Aplica | D16: Modem USB | E16: 300 | G16: =+F16*$E16 -> 0 | H16: =+G16*H$13 -> 0 | I16: =+F16 -> 0 | J16: =+I16*$E16 -> 0 | K16: =+J16*K$13 -> 0 | L16: =+I16 -> 0 | M16: =+L16*$E16 -> 0 | N16: =+M16*N$13 -> 0 | O16: =+L16 -> 0 | P16: =+O16*$E16 -> 0 | Q16: =+P16*Q$13 -> 0 | R16: =+Q16+N16+K16+H16 -> 0 | T16: =+H16/H$13/E16-F16 -> 0 | U16: =+K16/K$13/E16-I16 -> 0 | V16: =+N16/N$13/E16-L16 -> 0 | W16: =+Q16/Q$13/E16-O16 -> 0 | X16: =+R16-Q16-N16-K16-H16 -> 0
B17: Red Área Amplia (WAN) | C17: Último kilómetro) (4) | D17: Sede (4) | E17: Listado en "Redes SDC 2" | H17: =+'Redes SDC 2'!$H$313 -> 0 | R17: =+Q17+N17+K17+H17 -> 0 | T17: =+R17-H17 -> 0 | X17: =+R17-Q17-N17-K17-H17 -> 0
C18: Canales (5) | D18: Mes (5) | E18: Listado en "Redes SDC 3" | G18: =+'Redes SDC 3'!$M$313 -> 0 | H18: =+G18*H$13 -> 0 | J18: =+$G$18 -> 0 | K18: =+J18*K$13 -> 0 | M18: =+$G$18 -> 0 | N18: =+M18*N$13 -> 0 | P18: =+$G$18 -> 0 | Q18: =+P18*Q$13 -> 0 | R18: =+Q18+N18+K18+H18 -> 0 | T18: =+H18/H$13-G18 -> 0 | U18: =+K18/K$13-J18 -> 0 | V18: =+N18/N$13-M18 -> 0 | W18: =+Q18/Q$13-P18 -> 0 | X18: =+R18-Q18-N18-K18-H18 -> 0
B19: Red Inalámbrica (WLAN) | C19: Servicio en la Sede de la Dirección General | D19: Mes | E19: No Aplica | H19: =+G19*H$13 -> 0 | J19: =+G19 -> 0 | K19: =+J19*K$13 -> 0 | M19: =+J19 -> 0 | N19: =+M19*N$13 -> 0 | P19: =+M19 -> 0 | Q19: =+P19*Q$13 -> 0 | R19: =+Q19+N19+K19+H19 -> 0 | T19: =+H19/H$13-G19 -> 0 | U19: =+K19/K$13-J19 -> 0 | V19: =+N19/N$13-M19 -> 0 | W19: =+Q19/Q$13-P19 -> 0 | X19: =+R19-Q19-N19-K19-H19 -> 0
B20: Centro de Administración y Monitoreo | C20: Administración (incluye equipos y servicio) -INTERNET | D20: Mes | E20: No Aplica | H20: =+G20*H$13 -> 0 | J20: =+G20 -> 0 | K20: =+J20*K$13 -> 0 | M20: =+J20 -> 0 | N20: =+M20*N$13 -> 0 | P20: =+M20 -> 0 | Q20: =+P20*Q$13 -> 0 | R20: =+Q20+N20+K20+H20 -> 0 | T20: =+H20/H$13-G20 -> 0 | U20: =+K20/K$13-J20 -> 0 | V20: =+N20/N$13-M20 -> 0 | W20: =+Q20/Q$13-P20 -> 0 | X20: =+R20-Q20-N20-K20-H20 -> 0
C21: Administración (incluye equipos y servicio) - RED WAN | D21: Mes | E21: No Aplica | H21: =+G21*H$13 -> 0 | J21: =+G21 -> 0 | K21: =+J21*K$13 -> 0 | M21: =+J21 -> 0 | N21: =+M21*N$13 -> 0 | P21: =+M21 -> 0 | Q21: =+P21*Q$13 -> 0 | R21: =+Q21+N21+K21+H21 -> 0 | T21: =+H21/H$13-G21 -> 0 | U21: =+K21/K$13-J21 -> 0 | V21: =+N21/N$13-M21 -> 0 | W21: =+Q21/Q$13-P21 -> 0 | X21: =+R21-Q21-N21-K21-H21 -> 0
C22: Administración (incluye equipos y servicio) - RED LAN | D22: Mes | E22: No Aplica | H22: =+G22*H$13 -> 0 | J22: =+G22 -> 0 | K22: =+J22*K$13 -> 0 | M22: =+J22 -> 0 | N22: =+M22*N$13 -> 0 | P22: =+M22 -> 0 | Q22: =+P22*Q$13 -> 0 | R22: =+Q22+N22+K22+H22 -> 0 | T22: =+H22/H$13-G22 -> 0 | U22: =+K22/K$13-J22 -> 0 | V22: =+N22/N$13-M22 -> 0 | W22: =+Q22/Q$13-P22 -> 0 | X22: =+R22-Q22-N22-K22-H22 -> 0
C23: Herramientas de Gestión y Monitoreo - INTERNET | D23: Mes | E23: No Aplica | H23: =+G23*H$13 -> 0 | J23: =+G23 -> 0 | K23: =+J23*K$13 -> 0 | M23: =+J23 -> 0 | N23: =+M23*N$13 -> 0 | P23: =+M23 -> 0 | Q23: =+P23*Q$13 -> 0 | R23: =+Q23+N23+K23+H23 -> 0 | T23: =+H23/H$13-G23 -> 0 | U23: =+K23/K$13-J23 -> 0 | V23: =+N23/N$13-M23 -> 0 | W23: =+Q23/Q$13-P23 -> 0 | X23: =+R23-Q23-N23-K23-H23 -> 0
C24: Herramientas de Gestión y Monitoreo - RED WAN | D24: Mes | E24: No Aplica | H24: =+G24*H$13 -> 0 | J24: =+G24 -> 0 | K24: =+J24*K$13 -> 0 | M24: =+J24 -> 0 | N24: =+M24*N$13 -> 0 | P24: =+M24 -> 0 | Q24: =+P24*Q$13 -> 0 | R24: =+Q24+N24+K24+H24 -> 0 | T24: =+H24/H$13-G24 -> 0 | U24: =+K24/K$13-J24 -> 0 | V24: =+N24/N$13-M24 -> 0 | W24: =+Q24/Q$13-P24 -> 0 | X24: =+R24-Q24-N24-K24-H24 -> 0
B25: Gobernabilidad | C25: Gestión y Administración del contrato | D25: Mes | E25: No Aplica | H25: =+G25*H$13 -> 0 | J25: =+G25 -> 0 | K25: =+J25*K$13 -> 0 | M25: =+J25 -> 0 | N25: =+M25*N$13 -> 0 | P25: =+M25 -> 0 | Q25: =+P25*Q$13 -> 0 | R25: =+Q25+N25+K25+H25 -> 0 | T25: =+H25/H$13-G25 -> 0 | U25: =+K25/K$13-J25 -> 0 | V25: =+N25/N$13-M25 -> 0 | W25: =+Q25/Q$13-P25 -> 0 | X25: =+R25-Q25-N25-K25-H25 -> 0
B26: Subtotal mensual y anual antes de IVA | G26: =+G15+G16+G18+G19+SUM(G20:G25)+H17/H13 -> 0 | H26: =+H15+H16+H18+H19+SUM(H20:H25)+H17 -> 0 | J26: =+J15+J16+J18+J19+SUM(J20:J25) -> 0 | K26: =+K15+K16+K18+K19+SUM(K20:K25) -> 0 | M26: =+M15+M16+M18+M19+SUM(M20:M25) -> 0 | N26: =+N15+N16+N18+N19+SUM(N20:N25) -> 0 | P26: =+P15+P16+P18+P19+SUM(P20:P25) -> 0 | Q26: =+Q15+Q16+Q18+Q19+SUM(Q20:Q25) -> 0 | R26: =+R15+R16+R18+R19+SUM(R20:R25)+R17 -> 0
B27: IVA (Tarifa 16%) | G27: =+G26*16% -> 0 | H27: =+H26*16% -> 0 | J27: =+J26*16% -> 0 | K27: =+K26*16% -> 0 | M27: =+M26*16% -> 0 | N27: =+N26*16% -> 0 | P27: =+P26*16% -> 0 | Q27: =+Q26*16% -> 0 | R27: =+R26*16% -> 0
B28: Total mensual y anual incluido IVA | G28: =+G27+G26 -> 0 | H28: =+H26+H27 -> 0 | J28: =+J27+J26 -> 0 | K28: =+K26+K27 -> 0 | M28: =+M27+M26 -> 0 | N28: =+N26+N27 -> 0 | P28: =+P27+P26 -> 0 | Q28: =+Q26+Q27 -> 0 | R28: =+R26+R27 -> 0
B30: RESUMEN IVA INCLUIDO | F30: =+F12 -> 2015 | H30: =+I12 -> 2016 | J30: =+L12 -> 2017 | L30: =+O12 -> 2018 | N30: Total Cotización
F31: Valor Mensual IVA Incluido | G31: Valor Total Anual IVA Incluido | H31: Valor Mensual IVA Incluido | I31: Valor Total Anual IVA Incluido | J31: Valor Mensual IVA Incluido | K31: Valor Total Anual IVA Incluido | L31: Valor Mensual IVA Incluido | M31: Valor Total Anual IVA Incluido | N31: Valor Total
B32: =+B15 -> Internet | F32: =+ROUND(G15*1.16,0) -> 0 | G32: =+ROUND(H15*1.16,0) -> 0 | H32: =+ROUND(J15*1.16,0) -> 0 | I32: =+ROUND(K15*1.16,0) -> 0 | J32: =+ROUND(M15*1.16,0) -> 0 | K32: =+ROUND(N15*1.16,0) -> 0 | L32: =+ROUND(P15*1.16,0) -> 0 | M32: =+ROUND(Q15*1.16,0) -> 0 | N32: =+G32+I32+K32+M32 -> 0
B33: =+B16 -> Internet Móvil | F33: =+ROUND(G16*1.16,0) -> 0 | G33: =+ROUND(H16*1.16,0) -> 0 | H33: =+ROUND(J16*1.16,0) -> 0 | I33: =+ROUND(K16*1.16,0) -> 0 | J33: =+ROUND(M16*1.16,0) -> 0 | K33: =+ROUND(N16*1.16,0) -> 0 | L33: =+ROUND(P16*1.16,0) -> 0 | M33: =+ROUND(Q16*1.16,0) -> 0 | N33: =+G33+I33+K33+M33 -> 0
B34: =+B17 -> Red Área Amplia (WAN) | F34: =+ROUND(((H17/H$13)+G18)*1.16,0) -> 0 | G34: =+ROUND((H18+H17)*1.16,0) -> 0 | H34: =+ROUND(((K17/K$13)+J18)*1.16,0) -> 0 | I34: =+ROUND((K18+K17)*1.16,0) -> 0 | J34: =+ROUND(((N17/N$13)+M18)*1.16,0) -> 0 | K34: =+ROUND((N18+N17)*1.16,0) -> 0 | L34: =+ROUND(((Q17/Q$13)+P18)*1.16,0) -> 0 | M34: =+ROUND((Q18+Q17)*1.16,0) -> 0 | N34: =+G34+I34+K34+M34 -> 0
B35: =+B19 -> Red Inalámbrica (WLAN) | F35: =+ROUND(G19*1.16,0) -> 0 | G35: =+ROUND(H19*1.16,0) -> 0 | H35: =+ROUND(J19*1.16,0) -> 0 | I35: =+ROUND(K19*1.16,0) -> 0 | J35: =+ROUND(M19*1.16,0) -> 0 | K35: =+ROUND(N19*1.16,0) -> 0 | L35: =+ROUND(P19*1.16,0) -> 0 | M35: =+ROUND(Q19*1.16,0) -> 0 | N35: =+G35+I35+K35+M35 -> 0
B36: =+B20 -> Centro de Administración y Monitoreo | F36: =+ROUND((SUM(G20:G24))*1.16,0) -> 0 | G36: =+ROUND((SUM(H20:H24))*1.16,0) -> 0 | H36: =+ROUND((SUM(J20:J24))*1.16,0) -> 0 | I36: =+ROUND((SUM(K20:K24))*1.16,0) -> 0 | J36: =+ROUND((SUM(M20:M24))*1.16,0) -> 0 | K36: =+ROUND((SUM(N20:N24))*1.16,0) -> 0 | L36: =+ROUND((SUM(P20:P24))*1.16,0) -> 0 | M36: =+ROUND((SUM(Q20:Q24))*1.16,0) -> 0 | N36: =+G36+I36+K36+M36 -> 0
B37: =+B25 -> Gobernabilidad | F37: =+ROUND(G25*1.16,0) -> 0 | G37: =+ROUND(H25*1.16,0) -> 0 | H37: =+ROUND(J25*1.16,0) -> 0 | I37: =+ROUND(K25*1.16,0) -> 0 | J37: =+ROUND(M25*1.16,0) -> 0 | K37: =+ROUND(N25*1.16,0) -> 0 | L37: =+ROUND(P25*1.16,0) -> 0 | M37: =+ROUND(Q25*1.16,0) -> 0 | N37: =+G37+I37+K37+M37 -> 0
B38: Total IVA incluido | F38: =SUM(F32:F37) -> 0 | G38: =SUM(G32:G37) -> 0 | H38: =SUM(H32:H37) -> 0 | I38: =SUM(I32:I37) -> 0 | J38: =SUM(J32:J37) -> 0 | K38: =SUM(K32:K37) -> 0 | L38: =SUM(L32:L37) -> 0 | M38: =SUM(M32:M37) -> 0 | N38: =SUM(N32:N37) -> 0
B40: La presente cotización:
B41: • Incluye todos los costos y gastos directos e indirectos en que debe incurrir el contratista durante la ejecución del contrato de acuerdo con las especificaciones de la Ficha de Condiciones Técnicas, las obligaciones tributarias de acuerdo con las normas aplicables para el tipo de servicio y contrato correspondiente, y los costos de las pólizas. • Se remite como parte del estudio de mercado, previo a la contratación, y no implica ninguna obligación de contratar. • Tiene una vigencia de 90 días a partir de la fecha de diligenciamiento.
B42: Inscripción en el Registro Único de Proponentes: Las personas naturales y jurídicas, nacionales o extranjeras, con domicilio en Colombia, interesadas en participar en procesos de contratación convocados por las entidades estatales, deben estar inscritas en el RUP, salvo las excepciones previstas de forma taxativa en la ley (Artículo 8 del Decreto 1510 de 2013). Se aclara que esta inscripción no se requiere para remitir cotización durante el estudio de mercado.
G45: Control | H45: =+H28/H13-G28 -> 0 | K45: =+K28/K13-J28 -> 0 | N45: =+N28/N13-M28 -> 0 | Q45: =+Q28/Q13-P28 -> 0
G46: Control | H46: =+G38/H13-F38 -> 0 | K46: =+I38/K13-H38 -> 0 | N46: =+K38/N13-J38 -> 0 | Q46: =+M38/Q13-L38 -> 0
G47: Control | H47: =+H28-G38 -> 0 | K47: =+K28-I38 -> 0 | N47: =+N28-K38 -> 0 | Q47: =+Q28-M38 -> 0 | R47: =+R28-N38 -> 0

Sheet Redes SDC 2
B4: Cotización - Servicios de Red de Área Amplia (WAN), Red de Área Local (LAN), Red Inalámbrica (WLAN), Internet e Internet Móvil , bajo la modalidad de Outsourcing para el Instituto Colombiano de Bienestar Familiar – ICBF.
B6: EMPRESA: | D6: =+IF('Redes SDC 1'!$C$6=0,"",('Redes SDC 1'!C6))
B7: CONTACTO: | D7: =+IF('Redes SDC 1'!$C$6=0,"",('Redes SDC 1'!C7))
B9: Instrucciones para el diligenciamiento del formato de cotización
B10: • Por favor diligenciar solo las celdas en AMARILLO. Se deben llenar todas las casillas. • Revisar todos los requerimientos que se exponen en el documento "Ficha de Condiciones Técnicas" y Anexos (FCT); y formular su cotización en concordancia con este. • El valor de la cotización deber ser expresado en PESOS COLOMBIANOS. • Los valores unitarios deberán aproximarse por exceso o por defecto al entero más cercano. Si la cifra no está aproximada y aparece con centavos, el ICBF aproximará al entero inferior. • No modificar, agregar o quitar ningún ítem o sub-ítem. Notas: (1) Este servicio se facturará una única vez, al inicio del contrato. El valor a cotizar debe corresponder a la totalidad del valor del último kilómetro (la obra civil, los equipos y accesorios de red que se requieren) en la instalación de la totalidad de los canales definidos por el ICBF. El valor total de este servicio se reflejará en la hoja "Redes SDC 1" (2) Las sedes relacionadas en este documento corresponden a las decritas en la Hoja "enlaces WAN" del Anexo "ANEXO 3.2–WAN ULTIMA MILLA-TRASLADOS"
B11: RED WAN - ULTIMO KILOMETRO
B13: ID (2) | C13: Regional | D13: Tipo de Sede | E13: Nombre | F13: Ciudad | G13: Direccion | H13: Valor Antes de IVA (1)
A14: 1 | B14: 1 | C14: AMAZONAS | D14: CAIVAS | E14: LETICIA | F14: LETICIA | G14: calle 14 N° 10-32 Barrio Victoria Regia
A15: 2 | B15: 2 | C15: AMAZONAS | D15: REG | E15: AMAZONAS | F15: LETICIA | G15: CARRERA 4º No. 4 - 10 BARRIO GAITAN
A16: 3 | B16: 3 | C16: AMAZONAS | D16: SRPA | E16: CSJ - AMAZONAS | F16: AMAZONAS | G16: Carrera 5 Calle 5
A17: 4 | B17: 4 | C17: AMAZONAS | D17: UL | E17: PUERTO NARIÑO | F17: PUERTO NARIÑO | G17: Barrio Loma Linda – Al lado del Hospital Local Pto. Nariño
A18: 5 | B18: 5 | C18: ANTIOQUIA | D18: CAIVAS | E18: MEDELLIN | F18: MEDELLIN | G18: CARRERA 44 A 31- 156 San Diego
A19: 6 | B19: 6 | C19: ANTIOQUIA | D19: SRPA | E19: CSJ - MEDELLIN | F19: MEDELLIN | G19: CARRERA 83 No. 47A-47 BARRIO LA FLORESTA - Se tiene una accion popular y se espera que la sede nos apruebe el cambio
A20: 7 | B20: 7 | C20: ANTIOQUIA | D20: SRPA | E20: CSJ - RIONEGRO | F20: RIONEGRO | G20: Vereda Barro Blanco, Sector Las Delicias, vía El Porvenir – Rionegro Antioquía
A21: 8 | B21: 8 | C21: ANTIOQUIA | D21: CAIF | E21: COMUNA 8 | F21: MEDELLIN | G21: CARRERA 39 No. 50-68 Plaza de Flórez Ayacucho
A22: 9 | B22: 9 | C22: ANTIOQUIA | D22: CZ | E22: NORORIENTAL | F22: MEDELLIN | G22: Carrera 50ª Nº 63-43 Medellín.
A23: 10 | B23: 10 | C23: ANTIOQUIA | D23: CZ | E23: NOROCCIDENTAL | F23: MEDELLIN | G23: Carrera 70 No 42-37
A24: 11 | B24: 11 | C24: ANTIOQUIA | D24: CZ | E24: SURORIENTAL | F24: MEDELLIN | G24: Carrera 80 No. 38 B - 48 Barrio Laureles
A25: 12 | B25: 12 | C25: ANTIOQUIA | D25: CZ | E25: ABURRA NORTE | F25: BELLO | G25: Diagonal 54 Nº 42B-19 Bello - Niquia
... A214: 201 | B214: 202 | C214: NACIONAL | D214: SEDE NACIONAL - DIT | E214: BOGOTA | F214: BOGOTA | G214: Calle 57 No 16-35
A215: 202 | B215: 203 | C215: NACIONAL | E215: SIBERIA FUNZA | F215: Funza
A216: 203 | B216: 204 | C216: NARIÑO | D216: CAIVAS | E216: PASTO | F216: PASTO | G216: CALLE 19 No. 21A29 COMPLEJO BANCARIO
A217: 204 | B217: 205 | C217: NARIÑO | D217: SRPA | E217: CSJ - NARIÑO | F217: PASTO | G217: CALE 20 NO. 7 – 06. BARRIO SENDOYA. PASTO
A218: 205 | B218: 206 | C218: NARIÑO | D218: UL | E218: EL CHARCO | F218: EL CHARCO | G218: BARRIO EL CANAL, EDIFICIO CORPONARIÑO
A219: 206 | B219: 207 | C219: NARIÑO | D219: CZ | E219: PASTO 1 | F219: PASTO | G219: CARRERA 24 No. 16-19 EDIFICIO CONTINENTAL
A220: 207 | B220: 208 | C220: NARIÑO | D220: CZ | E220: PASTO 2 | F220: PASTO | G220: CALLE 20 No. 38 – 63. AVENIDA LOS ESTUDIANTES
A221: 208 | B221: 209 | C221: NARIÑO | D221: CZ | E221: TUMACO | F221: TUMACO | G221: CALLE SAN CARLOS. HOTEL PUNTA DEL ESTE. PISOS 2 Y 3
A222: 209 | B222: 210 | C222: NARIÑO | D222: CZ | E222: IPIALES | F222: IPIALES | G222: CARRERA 3 CON CALLE 10 NO. 10 – 21, BARRIO LIBERTAD, SECTOR LA LAGUNA.
A223: 210 | B223: 211 | C223: NARIÑO | D223: CZ | E223: TUQUERRES | F223: TUQUERRES | G223: CALLE 14 NO. 15-22.BARRIO SAN FRANCISCO
A224: 211 | B224: 212 | C224: NARIÑO | D224: CZ | E224: LA UNION | F224: LA UNION | G224: CARRERA 1 NO. 21 - 61, BARRIO INMACULADA, CONJUNTO RESIDENCIAL BALCONES DE LA VENTA
A225: 212 | B225: 213 | C225: NARIÑO | D225: CZ | E225: BARBACOAS | F225: BARBACOAS | G225: CALLE GUABO, FRENTE AL BANCO AGRARIO
A226: 213 | B226: 214 | C226: NARIÑO | D226: CZ | E226: REMOLINO | F226: TAMINANGO | G226: VIA PANAMERICANA NORTE KM 34 EL REMOLINO
A227: 214 | B227: 215 | C227: NARIÑO | D227: REG | E227: NARIÑO | F227: PASTO | G227: CRA 3 CON CALLE 23 ESQUINA B/ EL MERCEDARIO
... A309: 296 | B309: 299 | C309: VALLE | D309: REG | E309: VALLE | F309: SANTIAGO DE CALI | G309: AVENIDA 2A NORTE NO. 33 AN - 45 BARRIO PRADOS DEL NORTE
A310: 297 | B310: 300 | C310: VALLE | D310: SRPA | E310: CSJ-CALI2 | F310: SANTIAGO DE CALI
A311: 298 | B311: 301 | C311: VAUPES | D311: REG | E311: VAUPES | F311: MITU | G311: Carrera 15A 13ª – 52 Barrio Centro
A312: 299 | B312: 302 | C312: VICHADA | D312: REG | E312: VICHADA | F312: PUERTO CARREÑO | G312: Carrera 11 No. 14 - 70
G313: TOTAL VALOR DEL ÚLTIMO KILÓMETRO | H313: =SUM(H14:H312) -> 0

Sheet Redes SDC 3
B4: Cotización - Servicios de Red de Área Amplia (WAN), Red de Área Local (LAN), Red Inalámbrica (WLAN), Internet e Internet Móvil , bajo la modalidad de Outsourcing para el Instituto Colombiano de Bienestar Familiar – ICBF.
B6: EMPRESA: | D6: =+IF('Redes SDC 1'!$C$6=0,"",('Redes SDC 1'!C6))
B7: CONTACTO: | D7: =+IF('Redes SDC 1'!$C$6=0,"",('Redes SDC 1'!C7))
B9: Instrucciones para el diligenciamiento del formato de cotización
B10: • Por favor diligenciar solo las celdas en AMARILLO. Se deben llenar todas las casillas. • Revisar todos los requerimientos que se exponen en el documento "Ficha de Condiciones Técnicas" y Anexos (FCT); y formular su cotización en concordancia con este. • El valor de la cotización deber ser expresado en PESOS COLOMBIANOS. • Los valores unitarios deberán aproximarse por exceso o por defecto al entero más cercano. Si la cifra no está aproximada y aparece con centavos, el ICBF aproximará al entero inferior. • No modificar, agregar o quitar ningún ítem o sub-ítem. Notas: (1) Cotizar la totalidad de los enlaces para las sedes descritas en este formato de acuerdo con el tipo de enlace ofrecido. Se deberá contenmplar en la cotización la opción que represente un menor costo mensual entre canales dedicados, internet banda ancha e internet móvil. El valor total de este servicio se reflejará en la hoja "Redes SDC 1". (2) Seleccionar en las celdas de la columna "K" y "L" segun corresponda el tipo de Canal y Medio ofrecido para cada sede. El potencial proveedor deberá cotizar la opción que represente un menor costo mensual entre canales dedicados, internet banda ancha e Internet Movil
B11: RED WAN - COSTOS ENLACES
B13: ID (1) | C13: Regional | D13: Tipo de Sede | E13: Nombre | F13: Ciudad | G13: Direccion | H13: MEDIO ACTUAL | I13: Observaciones Enlace Sugerido por el ICBF | J13: Canal solicitado 2014 (Kbps) | K13: Tipo de canal Ofrecido (2) | L13: Medio Ofrecido (2) | M13: Valor Mensual Antes de IVA (1)
A14: 70 | B14: 1 | C14: AMAZONAS | D14: CAIVAS | E14: LETICIA | F14: LETICIA | G14: calle 14 N° 10-32 Barrio Victoria Regia | H14: Satelital | I14: Canal Dedicado | J14: 512
A15: 268 | B15: 2 | C15: AMAZONAS | D15: REG | E15: AMAZONAS | F15: LETICIA | G15: CARRERA 4º No. 4 - 10 BARRIO GAITAN | H15: Satelital | I15: Canal Dedicado | J15: =4*1024 -> 4096
A16: 5 | B16: 3 | C16: AMAZONAS | D16: SRPA | E16: CSJ - AMAZONAS | F16: AMAZONAS | G16: Carrera 5 Calle 5 | H16: Satelital | I16: Internet movil / Canales compartidos | J16: 2048
A17: 10 | B17: 4 | C17: AMAZONAS | D17: UL | E17: PUERTO NARIÑO | F17: PUERTO NARIÑO | G17: Barrio Loma Linda – Al lado del Hospital Local Pto. Nariño | H17: Satelital | I17: Internet movil / Canales compartidos | J17: 3072
A18: 66 | B18: 5 | C18: ANTIOQUIA | D18: CAIVAS | E18: MEDELLIN | F18: MEDELLIN | G18: CARRERA 44 A 31- 156 San Diego | H18: Fibra | I18: Canales compartidos (Banda ancha) | J18: 9216
A19: 204 | B19: 6 | C19: ANTIOQUIA | D19: SRPA | E19: CSJ - MEDELLIN | F19: MEDELLIN | G19: CARRERA 83 No. 47A-47 BARRIO LA FLORESTA - Se tiene una accion popular y se espera que la sede nos apruebe el cambio | H19: Fibra | I19: Canal Dedicado | J19: =2*1024 -> 2048
A20: 11 | B20: 7 | C20: ANTIOQUIA | D20: SRPA | E20: CSJ - RIONEGRO | F20: RIONEGRO | G20: Vereda Barro Blanco, Sector Las Delicias, vía El Porvenir – Rionegro Antioquía | H20: Fibra | I20: Internet movil / Canales compartidos | J20: 3072
A21: 52 | B21: 8 | C21: ANTIOQUIA | D21: CAIF | E21: COMUNA 8 | F21: MEDELLIN | G21: CARRERA 39 No. 50-68 Plaza de Flórez Ayacucho | H21: Fibra | I21: Canales compartidos (Banda ancha) | J21: 6144
A22: 267 | B22: 9 | C22: ANTIOQUIA | D22: CZ | E22: NORORIENTAL | F22: MEDELLIN | G22: Carrera 50ª Nº 63-43 Medellín. | H22: Fibra | I22: Canal Dedicado | J22: 4608
A23: 265 | B23: 10 | C23: ANTIOQUIA | D23: CZ | E23: NOROCCIDENTAL | F23: MEDELLIN | G23: Carrera 70 No 42-37 | H23: Fibra | I23: Canal Dedicado | J23: 4096
A24: 260 | B24: 11 | C24: ANTIOQUIA | D24: CZ | E24: SURORIENTAL | F24: MEDELLIN | G24: Carrera 80 No. 38 B - 48 Barrio Laureles | H24: Fibra | I24: Canal Dedicado | J24: 4096
A25: 242 | B25: 12 | C25: ANTIOQUIA | D25: CZ | E25: ABURRA NORTE | F25: BELLO | G25: Diagonal 54 Nº 42B-19 Bello - Niquia | H25: Fibra | I25: Canal Dedicado | J25: =3*1024 -> 3072
A26: 239 | B26: 13 | C26: ANTIOQUIA | D26: CZ | E26: ABURRA SUR | F26: ITAGUI | G26: Carrera 51 Nº 52-19 Itagüí | H26: Fibra | I26: Canal Dedicado | J26: 2560
A27: 115 | B27: 14 | C27: ANTIOQUIA | D27: CZ | E27: BAJO CAUCA | F27: CAUCASIA | G27: Tr. 13 Nº 14C-36 Barrio Pajonal Caucasia | H27: Fibra | I27: Canal Dedicado | J27: 1024
A28: 110 | B28: 15 | C28: ANTIOQUIA | D28: CZ | E28: LA MESETA | F28: YARUMAL | G28: Calle 21 Nº 18-45, Yarumal | H28: Fibra | I28: Canal Dedicado | J28: 1024
A29: 97 | B29: 16 | C29: ANTIOQUIA | D29: CZ | E29: MAGDALENA MEDIO | F29: PUERTO BERRIO | G29: Calle 10 con Carrera 10, Puerto Berrío | H29: Fibra | I29: Canal Dedicado | J29: 1024
A30: 113 | B30: 17 | C30: ANTIOQUIA | D30: CZ | E30: OCCIDENTE | F30: SANTA FE DE ANTIOQUIA | G30: Calle 9 # 8-40 Carrera Santander | H30: Fibra | I30: Canal Dedicado | J30: 1024
A31: 65 | B31: 18 | C31: ANTIOQUIA | D31: CZ | E31: OCCIDENTE MEDIO | F31: DABEIBA | G31: Carrera Uribe Uribe # 10 - 86 calle Principal | H31: Fibra | I31: Canales compartidos (Banda ancha) | J31: 9216
A32: 211 | B32: 19 | C32: ANTIOQUIA | D32: CZ | E32: ORIENTE | F32: RIONEGRO | G32: Calle 48 Nº 51-19 Piso 3º Rionegro | H32: Fibra | I32: Canal Dedicado | J32: 2048
A33: 74 | B33: 20 | C33: ANTIOQUIA | D33: CZ | E33: PORCE NUS | F33: YOLOMBO | G33: Carrera 18 # 19-97 Denominado Calle Cordoba | H33: Fibra | I33: Canal Dedicado | J33: 512
A34: 123 | B34: 21 | C34: ANTIOQUIA | D34: CZ | E34: SUROESTE - | F34: ANDES | G34: calle 49A Nº49a-39 | H34: Fibra | I34: Canal Dedicado | J34: 1024
A35: 73 | B35: 22 | C35: ANTIOQUIA | D35: CZ | E35: PENDERISCO | F35: URRAO | G35: Calle 29 Nº 29-43 Urrao | H35: Fibra | I35: Canal Dedicado | J35: 512
A36: 190 | B36: 23 | C36: ANTIOQUIA | D36: CZ | E36: URABA | F36: APARTADÓ | G36: Carrera 100 # 112-04, Apartado Vía Turbo frente al SENA | H36: Fibra | I36: Canal Dedicado | J36: 1536
A37: 127 | B37: 24 | C37: ANTIOQUIA | D37: CZ | E37: ORIENTE MEDIO | F37: EL SANTUARIO | G37: Calle 49 Nº 47-23 piso 1º Santuario | H37: Fibra | I37: Canal Dedicado | J37: 1024
A38: 296 | B38: 25 | C38: ANTIOQUIA | D38: REG | E38: ANTIOQUIA | F38: MEDELLIN | G38: CALLE 45 NO. 79 - 141 LA AMÉRICA | H38: Fibra | I38: Canal Dedicado | J38: =15*1024 -> 15360
A39: 41 | B39: 26 | C39: ANTIOQUIA | D39: CAIF | E39: COMUNA 13 | F39: MEDELLIN | G39: Calle 39C No. 109-24 Casa de Justicia Comuna 13 | H39: Fibra | I39: Canales compartidos (Banda ancha) | J39: 5120
A40: 61 | B40: 27 | C40: ANTIOQUIA | D40: HOGAR DE PASO 2 | E40: HOGAR DE PASO 2 - CENTRO DE DIAGNOSTICO SEDE ROBLEDO | F40: MEDELLIN | G40: ROBLEDO CALLE 78B #72 A 36 | H40: Fibra | I40: Canales compartidos (Banda ancha) | J40: 8192
A41: 2 | B41: 28 | C41: ANTIOQUIA | D41: HOGAR DE PASO 1 | E41: HOGAR DE PASO 1 - CENTRO DE DIAGNOSTICO CERRO EL VOLADOR | F41: MEDELLIN | G41: CARERRA 65 # 59 A 321 INTERIOR 104 CERRO EL VOLADOR | H41: Fibra | I41: Internet movil / Canales compartidos | J41: 1024
A42: 200 | B42: 29 | C42: ARAUCA | D42: CZ | E42: SARAVENA | F42: SARAVENA | G42: CARRERA 16 NO. 28 - 09 BARRIO 6 DE OCTUBRE | H42: Fibra | I42: Canal Dedicado | J42: 2048
A43: 167 | B43: 30 | C43: ARAUCA | D43: CZ | E43: TAME | F43: TAME | G43: CARRERA 14 NO. 15 - 57 BARRIO CENTRO | H43: Fibra | I43: Canal Dedicado | J43: 1536
A44: 269 | B44: 31 | C44: ARAUCA | D44: CZ / REG | E44: ARAUCA | F44: ARAUCA | G44: CALLE 21 NO. 1 - 24 BARRIO FUNDADORES | H44: Fibra | I44: Canal Dedicado | J44: 5120
A45: 55 | B45: 32 | C45: ATLANTICO | D45: CAIVAS | E45: BARANQUILLA | F45: BARRANQUILLA | G45: CARRERA 55 No 72-94 | H45: Fibra | I45: Canales compartidos (Banda ancha) | J45: 7168
A46: 137 | B46: 33 | C46: ATLANTICO | D46: SRPA | E46: CSJ - BARRANQUILLA | F46: BARRANQUILLA | G46: Cl. 45 N. 44 94 | H46: Fibra | I46: Canal Dedicado | J46: 1280
A47: 231 | B47: 34 | C47: ATLANTICO | D47: CZ | E47: NORTE CENTRO HISTORICO | F47: BARRANQUILLA | G47: CARRERA 47 NO. 74 - 35 BARRIO LAS AMÉRICAS BARRANQUILLA | H47: Fibra | I47: Canal Dedicado | J47: 2560
A48: 235 | B48: 35 | C48: ATLANTICO | D48: CZ | E48: SUR OCCIDENTE | F48: BARRANQUILLA | G48: CARRERA 38 B NO 66 -77 PISO 2 BARRIO RECREO BARRANQUILLA | H48: Fibra | I48: Canal Dedicado | J48: 2560
A49: 142 | B49: 36 | C49: ATLANTICO | D49: CZ | E49: BARANOA | F49: BARANOA | G49: CARRERA 18 NO. 19 - 20 MUNICIPIO BARANOA | H49: Fibra | I49: Canal Dedicado | J49: 1280
A50: 171 | B50: 37 | C50: ATLANTICO | D50: CZ | E50: SABANALARGA | F50: SABANALARGA | G50: Carrera 16 Nro. 22 a 53 | H50: Fibra | I50: Canal Dedicado | J50: 1536
... A52: 227 | B52: 39 | C52: ATLANTICO | D52: CZ | E52: HIPODROMO | F52: SOLEDAD | G52: CALLE 26 CARRERA 30 ESQUINA JUNTO A LA ESTACIÓN DE POLICÍA | H52: Fibra | I52: Canal Dedicado | J52: 2560
A53: 194 | B53: 40 | C53: ATLANTICO | D53: CZ | E53: SUR ORIENTE | F53: BARRANQUILLA | G53: CALLE 45 NO. 10C - 18 BARRIO LA VICTORIA - Temporalmente estará funcionando en la Cra. 15C Cll 36B Esq. Barrio la Unión. Barranquilla (6 meses aprox) | H53: Fibra | I53: Canal Dedicado | J53: =1.75*1024 -> 1792
A54: 283 | B54: 41 | C54: ATLANTICO | D54: REG | E54: ATLANTICO | F54: BARRANQUILLA | G54: CARRE 46 NO. 61 - 15 BARRIO BOSTON BARRANQUILLA | H54: Fibra | I54: Canal Dedicado | J54: =8*1024 -> 8192
A55: 79 | B55: 42 | C55: BOGOTÁ | D55: DEFENSORIAS | E55: CAVIF | F55: BOGOTA | G55: CARRERA 33 No 18-33 Ed. Manuel Gahona | H55: Fibra | I55: Canal Dedicado | J55: =0.75*1024 -> 768
A56: 3 | B56: 43 | C56: BOGOTÁ | D56: CURNA | E56: BOGOTA | F56: BOGOTA | G56: CALLE 1 CARRERA 24 BARRIO LA FRAGUITA CENTRO DE INTEGRACIÓN SOCIAL | H56: Fibra | I56: Internet movil / Canales compartidos | J56: 2048
A57: 49 | B57: 44 | C57: BOGOTÁ | D57: ARCHIVO CENTRAL | E57: BOGOTÁ | F57: BOGOTA | G57: CARRERA 34 No. 12A - 56 BARRIO PENSILVANIA | H57: Fibra | I57: Canales compartidos (Banda ancha) | J57: =6*1024 -> 6144
A58: 14 | B58: 45 | C58: BOGOTÁ | D58: CASA DE JUSTICIA | E58: SUBA | F58: BOGOTA | G58: CALLE 146A No. 94A - 05 | H58: Fibra | I58: Internet movil / Canales compartidos | J58: 3072
A59: 12 | B59: 46 | C59: BOGOTÁ | D59: CASA DE JUSTICIA | E59: CIUDAD BOLIVAR | F59: BOGOTA | G59: TRANSVERSAL 73 No.70A - 04 SUR BARRIO SIERRA MORENA | H59: Fibra | I59: Internet movil / Canales compartidos | J59: 3072
A60: 138 | B60: 47 | C60: BOGOTÁ | D60: DEFENSORIAS | E60: CENTRO | F60: BOGOTA | G60: CARRERA 7 No. 12 C 23 | H60: Fibra | I60: Canal Dedicado | J60: 1280
A61: 13 | B61: 48 | C61: BOGOTÁ | D61: DEFENSORIAS | E61: PALOQUEMAO | F61: BOGOTA | G61: CARRERA 29 NO. 18A - 76 BARRIO PALOQUEMAO | H61: Fibra | I61: Internet movil / Canales compartidos | J61: 3072
A62: 249 | B62: 49 | C62: BOGOTÁ | D62: CZ | E62: USAQUEN | F62: BOGOTA | G62: CALLE 163 A NO. 13 B - 50 BARRIO PANTANITO | H62: Fibra | I62: Canal Dedicado | J62: 3072
A63: 202 | B63: 50 | C63: BOGOTÁ | D63: CZ | E63: SANTAFE | F63: BOGOTA | G63: CALLE 22 A NO. 2 - 26 BARRIO GERMANIA | H63: Fibra | I63: Canal Dedicado | J63: =2*1024 -> 2048
A64: 253 | B64: 51 | C64: BOGOTÁ | D64: CZ | E64: SAN CRISTOBAL SUR | F64: BOGOTA | G64: CARRERA 6 NO. 5A - 03 SUR BARRIO VILLA JAVIER | H64: Fibra | I64: Canal Dedicado | J64: 3072
A65: 236 | B65: 52 | C65: BOGOTÁ | D65: CZ | E65: USME | F65: BOGOTA | G65: AVENIDA CRA 1ª NO. 75 - 08 SUR SANTA LIBRADA | H65: Fibra | I65: Canal Dedicado | J65: 2560
A66: 229 | B66: 53 | C66: BOGOTÁ | D66: CZ | E66: TUNJUELITO | F66: BOGOTA | G66: CARRERA 19A NO. 56 - 08 SUR BARRIO SAN CARLOS | H66: Fibra | I66: Canal Dedicado | J66: =2.5*1024 -> 2560
A67: 233 | B67: 54 | C67: BOGOTÁ | D67: CZ | E67: BOSA 1 | F67: BOGOTA | G67: CLL 66 SUR 80C-56 | H67: Fibra | I67: Canal Dedicado | J67: 2560
A68: 112 | B68: 55 | C68: BOGOTÁ | D68: CZ | E68: BOSA 2 | F68: BOGOTA | G68: Calle 64Sur 80-21 BOSA CENTRO | H68: Fibra | I68: Canal Dedicado | J68: 1024
A69: 256 | B69: 56 | C69: BOGOTÁ | D69: CZ | E69: KENNEDY | F69: BOGOTA | G69: CALLE 38 C SUR NO. 72 A - 12 SUR BARRIO SAN CAMILO | H69: Fibra | I69: Canal Dedicado | J69: 3584
A70: 234 | B70: 57 | C70: BOGOTÁ | D70: CZ | E70: FONTIBON | F70: BOGOTA | G70: CALLE 22L No. 96H - 35 BARRIO EL RUBÍ | H70: Fibra | I70: Canal Dedicado | J70: =2.5*1024 -> 2560
A71: 257 | B71: 58 | C71: BOGOTÁ | D71: CZ | E71: ENGATIVA | F71: BOGOTA | G71: CARRERA 103 NO. 73 - 13 BARRIO ÁLAMOS NORTE | H71: Fibra | I71: Canal Dedicado | J71: =3.5*1024 -> 3584
A72: 262 | B72: 59 | C72: BOGOTÁ | D72: CZ | E72: SUBA | F72: BOGOTA | G72: AV. CARRERA 58 NO. 128 B - 94 PISO 3 Y 4 BARRIO LAS VILLAS | H72: Fibra | I72: Canal Dedicado | J72: 4096
A73: 215 | B73: 60 | C73: BOGOTÁ | D73: CZ | E73: BARRIOS UNIDOS | F73: BOGOTA | G73: CARRERA 16 NO. 63 - 81 BARRIO COLOMBIA | H73: Fibra | I73: Canal Dedicado | J73: =2*1024 -> 2048
A74: 220 | B74: 61 | C74: BOGOTÁ | D74: CZ | E74: MARTIRES | F74: BOGOTA | G74: CALLE 13 No. 31 - 04 BARRIO LA GRAN AMÉRICA | H74: Fibra | I74: Canal Dedicado | J74: =2*1024 -> 2048
A75: 293 | B75: 62 | C75: BOGOTÁ | D75: CZ | E75: PUENTE ARANDA | F75: BOGOTA | G75: CALLE 12 NO. 30 - 35 PISO 3 BARRIO PUENTE ARANDA | H75: Fibra | I75: Canal Dedicado | J75: =12*1024 -> 12288
A76: 219 | B76: 63 | C76: BOGOTÁ | D76: CZ | E76: RAFAEL URIBE | F76: BOGOTA | G76: CARRERA 27 NO. 26 - 51 SUR BARRIO CENTENARIO | H76: Fibra | I76: Canal Dedicado | J76: =2*1024 -> 2048
A77: 247 | B77: 64 | C77: BOGOTÁ | D77: CZ | E77: CIUDAD BOLIVAR | F77: BOGOTA | G77: CARRERA 19 No. 60 - 23 SUR BARRIO CANDELARIA | H77: Fibra | I77: Canal Dedicado | J77: 3072
A78: 261 | B78: 65 | C78: BOGOTÁ | D78: CZ | E78: REVIVIR | F78: BOGOTA | G78: CALLE 27 NO. 24 - 40 BARRIO TEUSAQUILLO | H78: Fibra | I78: Canal Dedicado | J78: 4096
A79: 297 | B79: 66 | C79: BOGOTÁ | D79: REG | E79: BOGOTÁ | F79: BOGOTA | G79: AVENIDA CRA 50 NO. 26 - 51 CAN | H79: Fibra | I79: Canal Dedicado | J79: 21502
A80: 64 | B80: 67 | C80: BOGOTÁ | D80: Casa Quiroga (Barrio Rafael Uribe) | E80: BOGOTA | F80: BOGOTA | G80: Cra 21 # 37 - 79 Sur | H80: Fibra | I80: Canales compartidos (Banda ancha) | J80: 9216
A81: 29 | B81: 68 | C81: BOLÍVAR | D81: CAIVAS | E81: CARTAGENA | F81: CARTAGENA | G81: carrera 15 No 59-11 Casa de Justicia de Canapote | H81: Fibra | I81: Canales compartidos (Banda ancha) | J81: 4096
A82: 162 | B82: 69 | C82: BOLÍVAR | D82: CZ | E82: HISTORICO Y DEL CARIBE NORTE | F82: CARTAGENA | G82: CALLE BOGOTÁ 43 NO. 14A - 34 BARRIO TORICES | H82: Fibra | I82: Canal Dedicado | J82: =1.25*1024 -> 1280
A83: 197 | B83: 70 | C83: BOLÍVAR | D83: CZ | E83: DE LA VIRGEN Y TURISTICO | F83: CARTAGENA | G83: PLAZA ESTADIO 11 DE NOVIEMBRE BARRIO OLAYA HERRERA | H83: Fibra | I83: Canal Dedicado | J83: 2048
A84: 193 | B84: 71 | C84: BOLÍVAR | D84: CZ | E84: INDUSTRIAL DE LA BAHIA | F84: CARTAGENA | G84: DIAGONAL 31 D NO. 69 A - 04 MANZANA E; LOTE 35 BARRIO SANTA LUCIA CUARTA CALLE | H84: Fibra | I84: Canal Dedicado | J84: =1.75*1024 -> 1792
A85: 155 | B85: 72 | C85: BOLÍVAR | D85: CZ | E85: TURBACO | F85: TURBACO | G85: PLAN PAREJO CARRETERA TRONCAL DE OCCIDENTE SEDE ASOMENORES Urb. La Granja Kra. 15 Nro. 28-284, Carretera Troncal de Occidente | H85: Fibra | I85: Canal Dedicado | J85: =1.25*1024 -> 1280
A86: 136 | B86: 73 | C86: BOLÍVAR | D86: CZ | E86: EL CARMEN DE BOLIVAR | F86: EL CARMEN DE BOLIVAR | G86: CALLE 25 NO. 45 - 17 | H86: Fibra | I86: Canal Dedicado | J86: 1280
A87: 130 | B87: 74 | C87: BOLÍVAR | D87: CZ | E87: MAGANGUE | F87: MAGANGUE | G87: AVENIDA COLOMBIA NO. 6 - 36 | H87: Fibra | I87: Canal Dedicado | J87: 1280
A88: 91 | B88: 75 | C88: BOLÍVAR | D88: CZ | E88: MOMPOX | F88: MOMPOX | G88: CALLE19 NO 1 - 15 | H88: Fibra | I88: Canal Dedicado | J88: 768
A89: 67 | B89: 76 | C89: BOLÍVAR | D89: CZ | E89: SIMITI | F89: SIMITI | G89: Calle Libertador No 8 -35 Barrio la Sabana | H89: Fibra | I89: Canal Dedicado | J89: 512
A90: 276 | B90: 77 | C90: BOLÍVAR | D90: REG | E90: BOLÍVAR | F90: CARTAGENA | G90: EDIFICIO CONCAS- SECTOR LA MATUNA; NO. 32A-50 PISOS 16 Y 17 | H90: Fibra | I90: Canal Dedicado | J90: 6144
A91: 16 | B91: 78 | C91: BOYACÁ | D91: CAIVAS | E91: TUNJA | F91: TUNJA | G91: Carrera 10 No 23-35, Antigua sede del Hotel Real | H91: Fibra | I91: Internet movil / Canales compartidos | J91: 3072
A92: 57 | B92: 79 | C92: BOYACÁ | D92: SRPA | E92: CSJ - TUNJA | F92: TUNJA | G92: CARRERA 9 No. 14B-61 | H92: Fibra | I92: Canales compartidos (Banda ancha) | J92: 7168
A93: 15 | B93: 80 | C93: BOYACÁ | D93: SRPA | E93: CSJ - SOGAMOSO | F93: SOGAMOSO | G93: CRA 11 # 10-64 | H93: Fibra | I93: Internet movil / Canales compartidos | J93: 3072
A94: 43 | B94: 81 | C94: BOYACÁ | D94: SRPA | E94: CSJ - DUITAMA | F94: DUITAMA | G94: CARRERA 20 No. 14-100 | H94: Fibra | I94: Canales compartidos (Banda ancha) | J94: 5120
A95: 30 | B95: 82 | C95: BOYACÁ | D95: SRPA | E95: CSJ - GARAGOA | F95: GARAGOA | G95: Calle 10 No. 8-30 | H95: Fibra | I95: Canales compartidos (Banda ancha) | J95: 4096
A96: 90 | B96: 83 | C96: BOYACÁ | D96: CZ | E96: TUNJA 1 | F96: TUNJA | G96: CARRERA 11 NO. 7 - 39 SUR BARRIO LIBERTADOR | H96: Fibra | I96: Canal Dedicado | J96: 768
A97: 213 | B97: 84 | C97: BOYACÁ | D97: CZ | E97: TUNJA 2 | F97: TUNJA | G97: CALLE 22 NO. 9 - 20 | H97: Fibra | I97: Canal Dedicado | J97: 2048
A98: 212 | B98: 85 | C98: BOYACÁ | D98: CZ | E98: SOGAMOSO | F98: SOGAMOSO | G98: CARRERA 9 NO. 11 - 41 | H98: Fibra | I98: Canal Dedicado | J98: 2048
A99: 217 | B99: 86 | C99: BOYACÁ | D99: CZ | E99: DUITAMA | F99: DUITAMA | G99: CALLE 22 No 17A-07 | H99: Fibra | I99: Canal Dedicado | J99: =2*1024 -> 2048
A100: 105 | B100: 87 | C100: BOYACÁ | D100: CZ | E100: CHIQUINQUIRA | F100: CHIQUINQUIRA | G100: CALLE 17 NO. 8 - 46 PARQUE JULIO FLORES | H100: Fibra | I100: Canal Dedicado | J100: 1024
A101: 71 | B101: 88 | C101: BOYACÁ | D101: CZ | E101: GARAGOA | F101: GARAGOA | G101: CALLE 12 NO. 9 - 40 | H101: Fibra | I101: Canal Dedicado | J101: 512
A102: 84 | B102: 89 | C102: BOYACÁ | D102: CZ | E102: PUERTO BOYACA | F102: PUERTO BOYACA | G102: CARRERA 3A CON CALLE 16, ESQUINA CENTRO | H102: Fibra | I102: Canal Dedicado | J102: 768
A103: 85 | B103: 90 | C103: BOYACÁ | D103: CZ | E103: SOATA | F103: SOATA | G103: CARRERA 2 CALLE 19, ESQUINA | H103: Fibra | I103: Canal Dedicado | J103: 768
A104: 60 | B104: 91 | C104: BOYACÁ | D104: CZ | E104: EL COCUY | F104: EL COCUY | G104: CARRERA 4 NO. 7 - 39 CENTRO | H104: Satelital | I104: Canales compartidos (Banda ancha) | J104: 8192
A105: 80 | B105: 92 | C105: BOYACÁ | D105: CZ | E105: MIRAFLORES | F105: MIRAFLOREZ | G105: CARRERA 6 NO. 5 - 13 BARRIO EL RAYO | H105: Satelital | I105: Canal Dedicado | J105: 768
A106: 75 | B106: 93 | C106: BOYACÁ | D106: CZ | E106: MONIQUIRA | F106: MONIQUIRA | G106: CARRERA 12 NO. 18 - 80 | H106: Fibra | I106: Canal Dedicado | J106: 512
A107: 56 | B107: 94 | C107: BOYACÁ | D107: CZ | E107: OTANCHE | F107: OTANCHE | G107: CARRERA 5 NO. 4 - 13 M | H107: Fibra | I107: Canales compartidos (Banda ancha) | J107: 7168
...

Sheet Redes SDC 4
B4: Cotización - Servicios de Red de Área Amplia (WAN), Red de Área Local (LAN), Red Inalámbrica (WLAN), Internet e Internet Móvil , bajo la modalidad de Outsourcing para el Instituto Colombiano de Bienestar Familiar – ICBF.
B6: EMPRESA: | D6: =+IF('Redes SDC 1'!$C$6=0,"",('Redes SDC 1'!C6))
B7: CONTACTO: | D7: =+IF('Redes SDC 1'!$C$6=0,"",('Redes SDC 1'!C7))
B9: Instrucciones para el diligenciamiento del formato de cotización
B10: • Por favor diligenciar solo las celdas en AMARILLO. Se deben llenar todas las casillas. • Revisar todos los requerimientos que se exponen en el documento "Ficha de Condiciones Técnicas" y Anexos (FCT); y formular su cotización en concordancia con este. • El valor de la cotización deber ser expresado en PESOS COLOMBIANOS. • Los valores unitarios deberán aproximarse por exceso o por defecto al entero más cercano. Si la cifra no está aproximada y aparece con centavos, el ICBF aproximará al entero inferior. • No modificar, agregar o quitar ningún ítem o sub-ítem. Notas: (1) Cotizar la totalidad de los eventos para las sedes descritas en este documento. Las sedes relacionadas en este documento corresponden a las decritas en la Hoja "Traslados" del Anexo "ANEXO 3.2–WAN ULTIMA MILLA-TRASLADOS"
B12: RED WAN - TRASLADOS
B14: ID (1) | C14: Regional | D14: Tipo de Sede | E14: Nombre | F14: Ciudad | G14: Direccion | H14: Rango Traslados de Sedes - Enlaces Nuevos | L14: Rango Traslados Internos Equipos de Comiunicaciones
H15: 0 - 10 km | I15: 11 - 20 km | J15: 31 - 40 km | K15: 41 km en adelante | L15: 0 - 100 mts | M15: 101 - 200 mts | N15: 201 - 300 mts | O15: 301 mts en adelante
H16: Valor Unitario por Evento Antes de IVA
A17: 70 | B17: 1 | C17: AMAZONAS | D17: CAIVAS | E17: LETICIA | F17: LETICIA | G17: calle 14 N° 10-32 Barrio Victoria Regia
A18: 268 | B18: 2 | C18: AMAZONAS | D18: REG | E18: AMAZONAS | F18: LETICIA | G18: CARRERA 4º No. 4 - 10 BARRIO GAITAN
A19: 5 | B19: 3 | C19: AMAZONAS | D19: SRPA | E19: CSJ - AMAZONAS | F19: AMAZONAS | G19: Carrera 5 Calle 5
A20: 10 | B20: 4 | C20: AMAZONAS | D20: UL | E20: PUERTO NARIÑO | F20: PUERTO NARIÑO | G20: Barrio Loma Linda – Al lado del Hospital Local Pto. Nariño
A21: 66 | B21: 5 | C21: ANTIOQUIA | D21: CAIVAS | E21: MEDELLIN | F21: MEDELLIN | G21: CARRERA 44 A 31- 156 San Diego
A22: 204 | B22: 6 | C22: ANTIOQUIA | D22: SRPA | E22: CSJ - MEDELLIN | F22: MEDELLIN | G22: CARRERA 83 No. 47A-47 BARRIO LA FLORESTA - Se tiene una accion popular y se espera que la sede nos apruebe el cambio
A23: 11 | B23: 7 | C23: ANTIOQUIA | D23: SRPA | E23: CSJ - RIONEGRO | F23: RIONEGRO | G23: Vereda Barro Blanco, Sector Las Delicias, vía El Porvenir – Rionegro Antioquía
A24: 52 | B24: 8 | C24: ANTIOQUIA | D24: CAIF | E24: COMUNA 8 | F24: MEDELLIN | G24: CARRERA 39 No. 50-68 Plaza de Flórez Ayacucho
A25: 267 | B25: 9 | C25: ANTIOQUIA | D25: CZ | E25: NORORIENTAL | F25: MEDELLIN | G25: Carrera 50ª Nº 63-43 Medellín.
A26: 265 | B26: 10 | C26: ANTIOQUIA | D26: CZ | E26: NOROCCIDENTAL | F26: MEDELLIN | G26: Carrera 70 No 42-37
A27: 260 | B27: 11 | C27: ANTIOQUIA | D27: CZ | E27: SURORIENTAL | F27: MEDELLIN | G27: Carrera 80 No. 38 B - 48 Barrio Laureles
A28: 242 | B28: 12 | C28: ANTIOQUIA | D28: CZ | E28: ABURRA NORTE | F28: BELLO | G28: Diagonal 54 Nº 42B-19 Bello - Niquia
... A217: 290 | B217: 202 | C217: NACIONAL | D217: SEDE NACIONAL - DIT | E217: BOGOTA | F217: BOGOTA | G217: Calle 57 No 16-35
A218: 208 | B218: 203 | C218: NACIONAL | E218: SIBERIA FUNZA | F218: Funza
A219: 48 | B219: 204 | C219: NARIÑO | D219: CAIVAS | E219: PASTO | F219: PASTO | G219: CALLE 19 No. 21A29 COMPLEJO BANCARIO
A220: 78 | B220: 205 | C220: NARIÑO | D220: SRPA | E220: CSJ - NARIÑO | F220: PASTO | G220: CALE 20 NO. 7 – 06. BARRIO SENDOYA. PASTO
A221: 34 | B221: 206 | C221: NARIÑO | D221: UL | E221: EL CHARCO | F221: EL CHARCO | G221: BARRIO EL CANAL, EDIFICIO CORPONARIÑO
A222: 246 | B222: 207 | C222: NARIÑO | D222: CZ | E222: PASTO 1 | F222: PASTO | G222: CARRERA 24 No. 16-19 EDIFICIO CONTINENTAL
A223: 254 | B223: 208 | C223: NARIÑO | D223: CZ | E223: PASTO 2 | F223: PASTO | G223: CALLE 20 No. 38 – 63. AVENIDA LOS ESTUDIANTES
A224: 228 | B224: 209 | C224: NARIÑO | D224: CZ | E224: TUMACO | F224: TUMACO | G224: CALLE SAN CARLOS. HOTEL PUNTA DEL ESTE. PISOS 2 Y 3
A225: 206 | B225: 210 | C225: NARIÑO | D225: CZ | E225: IPIALES | F225: IPIALES | G225: CARRERA 3 CON CALLE 10 NO. 10 – 21, BARRIO LIBERTAD, SECTOR LA LAGUNA.
A226: 192 | B226: 211 | C226: NARIÑO | D226: CZ | E226: TUQUERRES | F226: TUQUERRES | G226: CALLE 14 NO. 15-22.BARRIO SAN FRANCISCO
A227: 151 | B227: 212 | C227: NARIÑO | D227: CZ | E227: LA UNION | F227: LA UNION | G227: CARRERA 1 NO. 21 - 61, BARRIO INMACULADA, CONJUNTO RESIDENCIAL BALCONES DE LA VENTA
A228: 86 | B228: 213 | C228: NARIÑO | D228: CZ | E228: BARBACOAS | F228: BARBACOAS | G228: CALLE GUABO, FRENTE AL BANCO AGRARIO
A229: 82 | B229: 214 | C229: NARIÑO | D229: CZ | E229: REMOLINO | F229: TAMINANGO | G229: VIA PANAMERICANA NORTE KM 34 EL REMOLINO
A230: 286 | B230: 215 | C230: NARIÑO | D230: REG | E230: NARIÑO | F230: PASTO | G230: CRA 3 CON CALLE 23 ESQUINA B/ EL MERCEDARIO
... A312: 294 | B312: 299 | C312: VALLE | D312: REG | E312: VALLE | F312: SANTIAGO DE CALI | G312: AVENIDA 2A NORTE NO. 33 AN - 45 BARRIO PRADOS DEL NORTE
A313: 185 | B313: 300 | C313: VALLE | D313: SRPA | E313: CSJ-CALI2 | F313: SANTIAGO DE CALI
A314: 248 | B314: 301 | C314: VAUPES | D314: REG | E314: VAUPES | F314: MITU | G314: Carrera 15A 13ª – 52 Barrio Centro
A315: 238 | B315: 302 | C315: VICHADA | D315: REG | E315: VICHADA | F315: PUERTO CARREÑO | G315: Carrera 11 No. 14 - 70

Sheet Redes SDC 5
B4: Cotización - Servicios de Red de Área Amplia (WAN), Red de Área Local (LAN), Red Inalámbrica (WLAN), Internet e Internet Móvil , bajo la modalidad de Outsourcing para el Instituto Colombiano de Bienestar Familiar – ICBF.
B6: EMPRESA: | D6: =+IF('Redes SDC 1'!$C$6=0,"",('Redes SDC 1'!C6))
B7: CONTACTO: | D7: =+IF('Redes SDC 1'!$C$6=0,"",('Redes SDC 1'!C7))
B9: Instrucciones para el diligenciamiento del formato de cotización
B10: • Por favor diligenciar solo las celdas en AMARILLO. Se deben llenar todas las casillas. • Revisar todos los requerimientos que se exponen en el documento "Ficha de Condiciones Técnicas" y Anexos (FCT); y formular su cotización en concordancia con este. • El valor de la cotización deber ser expresado en PESOS COLOMBIANOS. • Los valores unitarios deberán aproximarse por exceso o por defecto al entero más cercano. Si la cifra no está aproximada y aparece con centavos, el ICBF aproximará al entero inferior. • No modificar, agregar o quitar ningún ítem o sub-ítem. • Los Bienes y Servicios relacionados en este formato la Entidad los podrá requerir durante la ejecución del contrato, se requiere cotizar sus precios unitarios o valor mensual y estos hacen parte integral de la cotización (1) Para el presente estudio de mercado se requiere determinar el valor unitario mensual del servicio y el dispositivo "Terminal Internet Satelital" según características descritas en el ANEXO 2 – MOVIL SATELITAL. Este servicio se pagará de acuerdo con el número de dispositivos solicitados por le ICBF y la cantidad de meses en los que se utilice el servicio. (2) Para el presente estudio de mercado se requiere para estos equipos, determinar el valor unitario de arrendamiento mensual sin incluir la administración, según características descritas en el anexo "ANEXO 5.2-LAN-SWITCHES CORE Y SWITCHES DE ACCESO".
B11: EQUIPOS/DISPOSITIVOS
B13: No. | C13: Servicio | D13: Unidad | E13: Tarifa IVA | F13: Precio Unitario Antes de IVA | G13: Valor Mensual Antes de IVA | H13: Total IVA Incluido
B14: 1 | C14: Internet Móvil Satelital (1) | D14: Dispositivos - Terminal Internet Móvil Satelital | H14: =+ROUND(G14*(1+E14),0) -> 0
B15: 2 | C15: Red de Área Local (LAN) | D15: Switch Core (2) | H15: =+ROUND(G15*(1+E15),0) -> 0
B16: 3 | C16: Red de Área Local (LAN) | D16: Switches de acceso para las redes de área local - 24 x Puertos 1G (2) | H16: =+ROUND(G16*(1+E16),0) -> 0
B17: 4 | C17: Red de Área Local (LAN) | D17: Switches de acceso para las redes de área local - 48 x Puertos 1G (2) | H17: =+ROUND(G17*(1+E17),0) -> 0
B18: 5 | C18: Red de Área Local (LAN) | D18: Rack para equipos de comunicaciones | H18: =+ROUND(F18*(1+E18),0) -> 0
B20: EQUIPOS/DISPOSITIVOS - CON OPCIÓN DE COMPRA
B22: No. | C22: Servicio | D22: Unidad | E22: Tarifa IVA | F22: Precio Unitario Antes de IVA | G22: Valor Mensual Antes de IVA | H22: Total IVA Incluido
B23: 2 | C23: Red de Área Local (LAN) | D23: Switch Core (5) | H23: =+ROUND(F23*(1+E23),0) -> 0
B25: LISTADO DE ELEMENTOS REQUERIDOS PARA CENTROS DE CABLEADO CENTROS DE CÓMPUTO
B27: No. | C27: DESCRIPCIÓN | E27: UNIDADES | F27: Tarifa IVA | G27: Precio Unitario Antes de IVA | H27: Precio Unitario IVA Incluido
B28: 1 | C28: Patch Pannel cat 6a 1ru | E28: 1 | H28: =+ROUND(G28*(1+F28),0) -> 0
B29: 2 | C29: Patch Pannel cat 6a 2ru | E29: 1 | H29: =+ROUND(G29*(1+F29),0) -> 0
B30: 3 | C30: Patch Cord cat 6a 1,5metros Certificado | E30: 1 | H30: =+ROUND(G30*(1+F30),0) -> 0
B31: 4 | C31: Patch Cord cat 6a 3 metros Certificado | E31: 1 | H31: =+ROUND(G31*(1+F31),0) -> 0
B32: 5 | C32: Patch Cord cat 5 1,5metros Certificado | E32: 1 | H32: =+ROUND(G32*(1+F32),0) -> 0
B33: 6 | C33: Patch Cord cat 5 3 metros Certificado | E33: 1 | H33: =+ROUND(G33*(1+F33),0) -> 0
B34: 7 | C34: Patch Cord Fibra Monomodo 1,5 metros Certificado | E34: 1 | H34: =+ROUND(G34*(1+F34),0) -> 0
B35: 8 | C35: Patch Cord Fibra Monomodo 3 metros Certificado | E35: 1 | H35: =+ROUND(G35*(1+F35),0) -> 0
B36: 9 | C36: Patch Cord Fibra Multimodo 1,5 metros Certificado | E36: 1 | H36: =+ROUND(G36*(1+F36),0) -> 0
B37: 10 | C37: Patch Cord Fibra Multimodo 3 metros Certificado | E37: 1 | H37: =+ROUND(G37*(1+F37),0) -> 0
B38: 11 | C38: Fibra Monomodo por metros con conectores que se requieran Certificado | E38: 1 metro | H38: =+ROUND(G38*(1+F38),0) -> 0
B39: 12 | C39: Fibra Multimodo por metros con conectores que se requieran Certificado | E39: 1 metro | H39: =+ROUND(G39*(1+F39),0) -> 0
B40: 13 | C40: Cable UTP por metros con conectores Certificado | E40: 1 metro | H40: =+ROUND(G40*(1+F40),0) -> 0
B41: 14 | C41: Crossconection UTP finalizado en patch pannel con jack Certificado | E41: 1 metro | H41: =+ROUND(G41*(1+F41),0) -> 0
B42: 15 | C42: Crossconection Fibra finalizada en ODF Certificado | E42: 1 metro | H42: =+ROUND(G42*(1+F42),0) -> 0
B43: 16 | C43: ODF con conector que se requiera (LC, SC, etc) | E43: 1 | H43: =+ROUND(G43*(1+F43),0) -> 0
B44: 17 | C44: Marquillado por Patch Cord | E44: 1 | H44: =+ROUND(G44*(1+F44),0) -> 0
B45: 18 | C45: PDU administrable | E45: 1 | H45: =+ROUND(G45*(1+F45),0) -> 0
B46: 19 | C46: Organizador de cable 1ru | E46: 1 | H46: =+ROUND(G46*(1+F46),0) -> 0
B47: 20 | C47: Organizador de cable 2ru | E47: 1 | H47: =+ROUND(G47*(1+F47),0) -> 0
B48: 21 | C48: Bandeja ventilada 1 ru | E48: 1 | H48: =+ROUND(G48*(1+F48),0) -> 0
B49: 22 | C49: Conexión a tierra (Cable, conectores e instalacion) | E49: 1 | H49: =+ROUND(G49*(1+F49),0) -> 0
B50: 23 | C50: DPS Dispositivo Proteccion Sobretencion | E50: 1 | H50: =+ROUND(G50*(1+F50),0) -> 0
B51: 24 | C51: Anclaje y Desanclaje de Rack | E51: 1 | H51: =+ROUND(G51*(1+F51),0) -> 0
B52: 25 | C52: Instalacion Circuito electrico con Toma (110v) para rack | E52: 1 | H52: =+ROUND(G52*(1+F52),0) -> 0
B53: 26 | C53: Instalacion Circuito electrico con Toma (220v) para rack | E53: 1 | H53: =+ROUND(G53*(1+F53),0) -> 0
B54: 27 | C54: AC Power Cord | E54: 1 | H54: =+ROUND(G54*(1+F54),0) -> 0
... B57: 30 | C57: SFP - 10G | E57: 1 | H57: =+ROUND(G57*(1+F57),0) -> 0
B59: La presente cotización:
B60: • Incluye todos los costos y gastos directos e indirectos en que debe incurrir el contratista durante la ejecución del contrato de acuerdo con las especificaciones de la Ficha de Condiciones Técnicas, las obligaciones tributarias de acuerdo con las normas aplicables para el tipo de servicio y contrato correspondiente, y los costos de las pólizas. • Se remite como parte del estudio de mercado, previo a la contratación, y no implica ninguna obligación de contratar. • Tiene una vigencia de 90 dias a partir de la fecha de diligenciamiento.
B61: Inscripción en el Registro Único de Proponentes: Las personas naturales y jurídicas, nacionales o extranjeras, con domicilio en Colombia, interesadas en participar en procesos de contratación convocados por las entidades estatales, deben estar inscritas en el RUP, salvo las excepciones previstas de forma taxativa en la ley (Artículo 8 del Decreto 1510 de 2013). Se aclara que esta inscripción no se requiere para remitir cotización durante el estudio de mercado.

Sheet INFO GENERAL Y FINANCIERA
B8: Formato Información General Y Financiera De Proveedores
B10: Ciudad | M10: Fecha Dd/mm/aa | AD10: Persona Natural
AD11: Persona Jurídica
B12: 1. Información General
B13: 1.1. Identificación.
B14: Personas naturales | F14: Nombre Comercial | U14: Nombres y Apellidos | AK14: Cédula
B16: Personas jurídicas | F16: Razón Social | U16: NIT | AK16: DV
B18: Dirección | U18: Teléfono | AD18: Fax | AK18: Ciudad
B20: Pagina Web | U20: Años de Constitución | AD20: Sector al que pertenece
B22: 1.2. Personas De Contacto
B23: Gerente General | K23: E-mail | U23: Teléfono | AD23: Ext. | AK23: Celular
B25: Director Comercial | K25: E-mail | U25: Teléfono | AD25: Ext. | AK25: Celular
B27: Asesor Comercial | K27: E-mail | U27: Teléfono | AD27: Ext. | AK27: Celular
B29: 1.3. Productos Y Servicios Inscritos En El Rup De Acuerdo Con El Unspsc
B30: Incluir listado de los productos y/o servicios que ofrece la compañía, registrados en el RUP y que estén relacionados con el objeto del presente Estudio de Mercado (agregue las filas necesarias)
B31: Código de Naciones Unidas | G31: Producto
B38: 1.4. Códigos CIIU | AK38: 1.5. Número De Empleados
B39: Código De Actividad | F39: Descripción Actividad Económica CIIU | AD39: Tarifa ICA
B43: 2. Información Financiera - A Diciembre 31 De 2013
B44: Nombre Del Indicador | M44: Cuenta | U44: Valores En Pesos | AD44: Indicador
B45: Capacidad Financiera | F45: índice De Liquidez | M45: Activo Corriente --> | AD45: =+IFERROR(U45/U46,0) -> 0 | AK45: Veces
M46: Pasivo Corriente -->
F47: Índice De Endeudamiento | M47: Pasivo Total--> | AD47: =+IFERROR(U47/U48,0) -> 0 | AK47: Porcentaje
M48: Activo Total-->
F49: Razón De Cobertura De Intereses | M49: Utilidad Operacional--> | AD49: =+IFERROR(U49/U50,0) -> 0 | AK49: Veces
M50: Gastos De Interés-->
B51: Capacidad Organizacional | F51: Rentabilidad Del Patrimonio | M51: Utilidad Operacional--> | AD51: =+IFERROR(U51/U52,0) -> 0 | AK51: Porcentaje
M52: Patrimonio-->
F53: Rentabilidad Del Activo | M53: Utilidad Operacional--> | AD53: =+IFERROR(U53/U54,0) -> 0 | AK53: Porcentaje
M54: Activo Total-->
B55: Nota: Para las empresas inspeccionadas, vigiladas o controladas por la Supersociedades, la información consignada en este numeral será validada con la reportada a la Supersociedades y disponible para consulta en Internet mediante el Sistema de Información y Riesgo Empresarial de la Supersociedades (SIREM). Si se evidencian diferencias en los valores consignados en este formato y los reportados a la Supersociedades se tomará como referencia la información del SIREM.
B56: Otra información relevante de la empresa (consigne en este espacio otra información que considere de interés)

Sheet POLIZAS
B9: CONCEPTOS A TENER EN CUENTA PARA REALIZAR LA COTIZACIÓN DE DOTACIÓN INDUSTRIAL
B12: El presente cuadro es de carácter informativo, no se debe diligenciar. Sin embargo se entiende que la cotización incluye la totalidad de los conceptos relacionados a continuación.
B14: PÓLIZAS PARA LEGALIZACIÓN DEL CONTRATO
B16: CONCEPTO | D16: COBERTURA | E16: PLAZO (En Meses)
B17: Garantía de Seriedad de la oferta | D17: 0.1 | E17: Plazo de Ejecución
B18: Cumplimiento | D18: 0.2 | E18: Plazo de ejecución + 4 meses mas
B19: Salarios, Prestaciones | D19: 0.1 | E19: Plazo de ejecución + 36 meses mas
B20: Calidad de los Servicios | D20: 0.2 | E20: Plazo de ejecución + 4 meses mas
B21: Responsabilidad civil extracontractual | D21: 0.1 | E21: Plazo de Ejecución
B22: Cobertura: Corresponde al porcentaje del valor total del contrato a amparar.

Sheet INFO EXPERIENCIA
B8: EXPERIENCIA EN CONTRATACION EN LOS ULTIMOS 5 AÑOS
B9: EXPERIENCIA EN CONTRATACIÓN EN LOS ÚLTIMOS 5 AÑOS
B11: Empresa: | C11: =IF('Redes SDC 1'!C6="","",'Redes SDC 1'!C6) | F11: Nit: | G11: =IF('Redes SDC 1'!N6="","",'Redes SDC 1'!N6) | I11: Fecha: | J11: =IF('Redes SDC 1'!N7="","",'Redes SDC 1'!N7)
B12: Contacto: | C12: =IF('Redes SDC 1'!C7="","",'Redes SDC 1'!C7) | F12: Cargo: | G12: =IF('Redes SDC 1'!F7="","",'Redes SDC 1'!F7) | I12: Tel. celular: | J12: =IF('Redes SDC 1'!Q6="","",'Redes SDC 1'!Q6)
B13: E-Mail: | C13: =IF('Redes SDC 1'!I7="","",'Redes SDC 1'!I7) | F13: Dirección: | G13: =IF('Redes SDC 1'!I6="","",'Redes SDC 1'!I6) | I13: Tel. fijo: | J13: =IF('Redes SDC 1'!Q7="","",'Redes SDC 1'!Q7)
B15: Con el fin de conocer la experiencia con la que cuentan las empresas del sector relacionada con el objeto del presente estudio de mercado, agradecemos diligenciar el cuadro que sigue con base en los contratos suscritos en los últimos 5 años, cuyos objetos están relacionados con el objeto del presente estudio de mercado
B17: Tipo de entidad | C17: Entidad o Empresa | D17: Numero del contrato | E17: Objeto del contrato | F17: Fecha de suscripción (dd/mmm/aa) | G17: Plazo de ejecución (en años) | H17: Forma de participación (UT, consorcio, individual) | I17: % de participación | J17: Valor total ejecutado del contrato (de acuerdo con el % de participación)
B29: Nota: Agregar las filas necesarias para reportar la experiencia
